 Dungeon Crawl Stone Soup version 0.24-a0-639-gb70a11d811 (webtiles) character file.

Game seed: 17936423437698471029, levelgen mode: deterministic

1638 Ijustatesigmund the Cleaver (level 8, -1/73 HPs)
             Began as a Hill Orc Monk on Sept 23, 2019.
             Was an Elder of Cheibriados.
             Slain by Pikel
             ... wielding a +0 whip of flaming
              (3 damage)
             ... on level 4 of the Dungeon.
             The game lasted 00:12:07 (5888 turns).

Ijustatesigmund the Cleaver (Hill Orc Monk)         Turns: 5888, Time: 00:12:08

Health: -1/73      AC: 13    Str: 23    XL:     8   Next: 98%
Magic:  11/11      EV: 10    Int: 25    God:    Cheibriados [****..]
Gold:   308        SH:  0    Dex: 23    Spells: 4/7 levels left

rFire    . . .     SeeInvis .   a - +0 hand axe
rCold    . . .     Gourm    .   (no shield)
rNeg     . . .     Faith    .   b - +1 chain mail {MR+}
rPois    .         Spirit   .   (helmet restricted)
rElec    .         Reflect  .   h - +1 cloak
rCorr    .         Harm     .   (no gloves)
MR       +....                  (no boots)
Stlth    ..........             (no amulet)
HPRegen  0.22/turn              (no ring)
MPRegen  0.12/turn              (no ring)

@: brilliant, very slow
A: antennae 1, low mp 1, sturdy frame 1
a: Bend Time, Temporal Distortion, Slouch, Renounce Religion


You were on level 4 of the Dungeon.
You worshipped Cheibriados.
Cheibriados was greatly pleased with you.
You were not hungry.

You visited 1 branch of the dungeon, and saw 5 of its levels.

You collected 308 gold pieces.

Inventory:

Hand Weapons
 a - a +0 hand axe (weapon)
 n - a +2 flail of holy wrath
 r - the +11 spear "Wyunist" {drain, MR+, unknown}
   (You found it on level 4 of the Dungeon)

   A truly terrible weapon, it drains the life of those it strikes.
   It affects your resistance to hostile enchantments.
Armour
 b - a +1 chain mail of magic resistance (worn)
 h - a +1 cloak (worn)
Wands
 g - a wand of flame (1)
 q - a wand of polymorph (7)
Scrolls
 j - 3 scrolls of identify
 l - 2 scrolls of immolation
 m - a scroll of fog
Potions
 e - 2 potions of magic
 k - a potion of cancellation
 o - a potion of lignification
 p - a potion of flight
Comestibles
 c - 8 rations


   Skills:
 + Level 7.5 Fighting
 + Level 9.2 Axes
 + Level 5.7 Armour
 - Level 2.4 Dodging
 - Level 1.5 Stealth
 + Level 5.8 Invocations


You had 4 spell levels left.
You knew the following spells:

 Your Spells              Type           Power        Failure   Level  Hunger
a - Magic Dart            Conj           ###.         7%          1    ##.....
b - Blink                 Tloc           N/A          10%         2    ###....

Your spell library contained the following spells:

 Spells                   Type           Power        Failure   Level  Hunger
 Call Imp                 Summ           ###.....     10%         2    ###....
 Slow                     Hex            ###.....     10%         2    ###....
 Conjure Flame            Conj/Fire      ###.....     19%         3    ####...
 Mephitic Cloud           Conj/Pois/Air  ###.....     19%         3    ####...


Dungeon Overview and Level Annotations

Branches:
Dungeon (5/15)
 Temple: D:4-7

Altars:
Cheibriados

Annotations:
D:4 Pikel


Innate Abilities, Weirdness & Mutations

You have a pair of small antennae on your head.
Your magical capacity is low. (-10% MP)
Your movements are slightly less encumbered by armour. (ER -2)


Message History

Pikel burns you.
* * * LOW HITPOINT WARNING * * *
You closely miss Pikel.
Pikel is almost dead.
Pikel completely misses you.
You barely miss Pikel.
Pikel is almost dead.
You miss Pikel.
Pikel is almost dead.
Pikel completely misses you.
You closely miss Pikel.
Pikel is almost dead.
Pikel barely misses you.
You hit Pikel but do no damage.
Pikel is almost dead.
Pikel hits you but does no damage.
You hit Pikel but do no damage.
Pikel is almost dead.
Pikel hits you with a +0 whip of flaming.
You die...

#######################
................@K....#
#####################.###########
..............................(..
############........#.#.#####.###
....# #.######.#.#.# #.##. ....#
#.#...[#.#.#.# #.##. ....#
#........#.#.# #.##. ..###
#......###.#.#####.### ###
#..........#.......###


You could see Pikel.

Vanquished Creatures
  Grinder (D:3)
  Sigmund (D:2)
  Menkaure (D:5)
  Edmund (D:5)
  An ogre (D:4)
  A centaur (D:5)
  4 scorpions
  A howler monkey (D:4)
  2 orc priests
  A jelly (D:5)
  A bullfrog skeleton (D:4)
  Jessica (D:2)
  A centaur skeleton (D:5)
  Terence (D:2)
  3 orc wizards
  6 worker ants
  A hound skeleton (D:5)
  11 gnolls
  3 adders
  2 adder skeletons (D:4)
  2 worms (D:4)
  A leopard gecko (D:3)
  11 orcs
  5 bats
  4 giant cockroaches
  4 goblins
  5 hobgoblins
  9 jackals
  2 quokkas
  7 frilled lizards
  6 kobolds
  2 leopard gecko zombies (D:5)
  A quokka skeleton (D:4)
  5 rats
108 creatures vanquished.

Notes
Turn   | Place    | Note
-------+----------+-------------------------------------------
     0 | D:1      | Ijustatesigmund the Hill Orc Monk began the quest for the
                  | Orb.
     0 | D:1      | Reached XP level 1. HP: 19/19 MP: 1/1
   540 | D:1      | Reached XP level 2. HP: 27/27 MP: 2/2
  1054 | D:2      | Found a snail-covered altar of Cheibriados.
  1112 | D:2      | Noticed Terence
  1151 | D:2      | Killed Terence
  1151 | D:2      | Reached skill level 5 in Axes
  1151 | D:2      | Reached XP level 3. HP: 13/33 MP: 3/3
  1343 | D:2      | Reached skill level 1 in Armour
  1420 | D:2      | Reached XP level 4. HP: 39/40 MP: 4/4
  1446 | D:2      | Noticed Sigmund
  1472 | D:2      | Killed Sigmund
  1472 | D:2      | Reached skill level 5 in Fighting
  1472 | D:2      | Reached skill level 6 in Axes
  1472 | D:2      | Reached XP level 5. HP: 22/48 MP: 5/5
  1731 | D:2      | Noticed Jessica
  1759 | D:2      | Reached XP level 6. HP: 5/56 MP: 6/6
  1773 | D:2      | Killed Jessica
  1773 | D:2      | Reached skill level 7 in Axes
  1777 | D:2      | HP: 2/56 [jackal (1)]
  2146 | D:2      | Became a worshipper of Cheibriados the Contemplative
  2146 | D:2      | Reached * piety under Cheibriados
  2146 | D:2      | Reached ** piety under Cheibriados
  2270 | D:3      | Noticed Grinder
  2292 | D:3      | Killed Grinder
  2292 | D:3      | Reached XP level 7. HP: 34/61 MP: 6/8
  2503 | D:3      | Learned a level 1 spell: Magic Dart
  2506 | D:3      | Learned a level 2 spell: Blink
  3015 | D:3      | Found a faded altar of an unknown god.
  3075 | D:3      | Reached *** piety under Cheibriados
  4025 | D:4      | Reached skill level 8 in Axes
  4351 | D:4      | Reached XP level 8. HP: 62/71 MP: 10/10
  4611 | D:4      | Got a transparent spear
  4993 | D:5      | Entered Level 5 of the Dungeon
  5044 | D:5      | Noticed Menkaure
  5046 | D:5      | Gained mutation: Your movements are slightly less
                  | encumbered by armour. (ER -2) [potion of mutation]
  5046 | D:5      | Gained mutation: Your magical capacity is low. (-10% MP)
                  | [potion of mutation]
  5046 | D:5      | Gained mutation: You have a pair of small antennae on your
                  | head. [potion of mutation]
  5055 | D:5      | Killed Menkaure
  5387 | D:5      | Reached skill level 5 in Armour
  5441 | D:5      | Noticed Edmund
  5466 | D:5      | Reached skill level 5 in Invocations
  5469 | D:5      | Reached **** piety under Cheibriados
  5501 | D:5      | Killed Edmund
  5501 | D:5      | Reached skill level 9 in Axes
  5842 | D:5      | Noticed Pikel
  5882 | D:4      | HP: 2/73 [Pikel/+0 whip of flaming (4)]
  5888 | D:4      | Slain by Pikel

Levels and vault maps discovered:
D:1:      kilobyte_arrival_exit_the_forest, layout_basic
D:2:      layout_rooms, cheibriados_altar_1, uniq_terence, uniq_jessica,
          uniq_sigmund
D:3:      layout_basic, first_ration, chequers_ecumenical_altar_lobes,
          minmay_distorted, uniq_grinder
D:4:      layout_basic
D:5:      layout_basic, uniq_edmund, uniq_eustachio, uniq_pikel, uniq_menkaure

Skill      XL: |  1  2  3  4  5  6  7  8 |
---------------+-------------------------+-----
Fighting       | 4 5 6 7 |  7.5
Axes           | 5 6 7 8 9 |  9.2
Armour         | 1 2 3 4 5 |  5.7
Invocations    | 2 3 5 |  5.8
Dodging        | |  2.4
Stealth        | |  1.5

Action                   |  1- 3 |  4- 6 |  7- 9 || total
-------------------------+-------+-------+-------++-------
Melee: Hand axe          |   123 |    72 |   441 ||   636
Invok: Bend Time         |       |       |     8 ||     8
Evoke: Wand              |       |       |     1 ||     1
  Use: Scroll            |     9 |     4 |     4 ||    17
       Potion            |     1 |     3 |     3 ||     7
  Eat: Chunk             |     1 |     2 |     4 ||     7
       Ration            |       |     1 |       ||     1
Armor: Robe              |     8 |       |       ||     8
       Chain mail        |    40 |    52 |   229 ||   321
Dodge: Dodged            |    61 |    37 |   173 ||   271

Table legend:
 A = Non-vault XP
 B = Vault XP
 C = Vault XP percentage of total XP
 D = Non-vault monster count
 E = Vault monster count
 F = Vault count percentage of total count
                 A         B        C        D         E       F
            +---------+---------+-------+---------+---------+-------
      Total |    1427 |     914 |  39.0 |     101 |       7 |   6.5
            +---------+---------+-------+---------+---------+-------
        D:1 |      23 |       0 |   0.0 |      15 |       0 |   0.0
        D:2 |      91 |     300 |  76.7 |      19 |       3 |  13.6
        D:3 |     105 |     288 |  73.3 |      22 |       2 |   8.3
        D:4 |     606 |       0 |   0.0 |      24 |       0 |   0.0
        D:5 |     602 |     326 |  35.1 |      21 |       2 |   8.7
            +---------+---------+-------+---------+---------+-------
